 Dungeon Crawl Stone Soup version 0.21.1-1-g345015f (webtiles) character file.

86993 wilfster70 the Severer (level 15, 0/147 HPs)
             Began as a Hill Orc Monk on July 6, 2018.
             Was the Champion of Nemelex Xobeh.
             Slain by an entropy weaver (4 damage)
             ... on level 1 of the Spider Nest.
             The game lasted 01:40:59 (29073 turns).

wilfster70 the Severer (Hill Orc Monk)             Turns: 29073, Time: 01:41:00

Health: 0/147      AC: 16    Str: 19    XL:     15   Next: 89%
Magic:  24/24      EV: 13    Int: 10    God:    Nemelex Xobeh [******]
Gold:   1387       SH:  3    Dex: 19    Spells: 14/14 levels left

rFire    . . .     SeeInvis +   a - +8 battleaxe of Oclatoix {chop, Int-2 Dex+6}
rCold    + . .     Gourm    .   (shield currently unavailable)
rNeg     . . .     Faith    .   u - +1 chain mail of Diafam {rC+ SInv}
rPois    +         Spirit   .   O - +2 hat
rElec    .         Reflect  +   C - +2 cloak {rPois}
rCorr    .         Harm     .   G - +0 pair of gloves
MR       +....                  Q - +0 pair of boots
Stlth    ..........             n - +3 amulet of reflection
HPRegen  0.34/turn              (no ring)
MPRegen  0.19/turn              E - +4 ring of evasion

@: corroded
A: no striking features
a: Triple Draw, Deal Four, Stack Five, Renounce Religion


You were on level 1 of the Spider Nest.
You worshipped Nemelex Xobeh.
Nemelex Xobeh was exalted by your worship.
You were not hungry.

You visited 4 branches of the dungeon, and saw 24 of its levels.
You also visited: Ice Cave and Volcano.

You collected 2317 gold pieces.
You spent 930 gold pieces at shops.

Inventory:

Hand Weapons
 a - the +8 battleaxe of Oclatoix (weapon) {chop, Int-2 Dex+6}
   (You found it on level 12 of the Dungeon)

   It inflicts extra damage upon your enemies.
   It affects your intelligence (-2).
   It affects your dexterity (+6).
 b - a +1 flail of holy wrath
 A - a +9 war axe of chopping
Missiles
 f - 8 javelins (quivered)
Armour
 u - the +1 chain mail of Diafam (worn) {rC+ SInv}
   (You bought it in a shop on level 15 of the Dungeon)

   It protects you from cold.
   It lets you see invisible.
 C - a +2 cloak of poison resistance (worn)
 D - a +0 shield
 G - a +0 pair of gloves (worn)
 O - a +2 hat (worn)
 Q - a +0 pair of boots (worn)
 Z - a +3 chain mail of fire resistance
Jewellery
 h - an uncursed amulet of faith {unknown}
 n - a +3 amulet of reflection (around neck)
 E - a +4 ring of evasion (right hand)
Wands
 e - a wand of acid (9)
Scrolls
 d - a scroll of fog
 i - 6 scrolls of magic mapping
 j - 2 scrolls of enchant armour
 k - 6 scrolls of remove curse
 m - a scroll of amnesia
 H - 3 scrolls of teleportation
Potions
 l - 4 potions of haste
 o - a potion of resistance
 s - 3 potions of invisibility
 x - 2 potions of cancellation
 z - 6 potions of agility
 B - 6 potions of curing
 F - 4 potions of flight
 K - a potion of might
 S - 4 potions of mutation
Miscellaneous
 p - an ornate deck of summoning
 q - an ornate deck of summoning {drawn: 4}
 r - a legendary deck of summoning
 t - an ornate deck of destruction
 v - an ornate deck of destruction
 w - an ornate deck of summoning
 y - a plain deck of escape
 I - a plain deck of destruction {drawn: 3}
 J - a legendary deck of summoning {drawn: 1}
 L - an ornate deck of summoning {drawn: 1}
 M - a legendary deck of escape
 N - a plain deck of summoning {drawn: 4}
 P - an ornate deck of destruction
 R - an ornate deck of destruction {drawn: 1}
 T - a legendary deck of escape {drawn: 2}
 V - an ornate deck of destruction
 W - an ornate deck of summoning {drawn: 1}
 Y - a legendary deck of destruction {drawn: 1}
Comestibles
 c - 46 rations


   Skills:
 - Level 17.0 Fighting
 - Level 20.0 Axes
 + Level 10.0 Armour
 * Level 2.5 Dodging
 - Level 1.5 Stealth
 - Level 11.8 Shields
 - Level 12.4 Invocations


You had 14 spell levels left.
You didn't know any spells.

Dungeon Overview and Level Annotations

Branches:
Dungeon (15/15)              Lair (6/6) D:11         Shoals (0/4) Lair:2
 Spider (1/4) Lair:2        Slime (0/5) Lair:5          Orc (2/2) D:9
    Elf (0/3) Orc:2        Vaults (0/5) D:13         Depths (0/5) D:15
 Temple: D:4-7

Altars:
Ashenzari
Dithmenos
Elyvilon
Fedhas
Gozag
Kikubaaqudgha
Nemelex Xobeh
Qazlal
Sif Muna
Trog
Xom
Zin
Beogh

Shops:
D:15 [   Orc:2 [:%}

Portals:
Trove: D:11 (give +2 fire dragon scales)

Annotations:
D:11 +2 fire drag scales
Lair:5 exclusion: 2 oklob plants
Spider:1 Aizul


Message History

Gurum hits Aizul!!
Your hellion hits Aizul!
Aizul hits Gurum but does no damage.
Gurum gestures.
A dragon appears.
You slash the entropy weaver!
The entropy weaver is severely wounded.
You feel sick. The entropy weaver hits you.
* * * LOW HITPOINT WARNING * * *
The entropy weaver hits you!
* * * LOW HITPOINT WARNING * * *
The entropy weaver misses you.
The entropy weaver completely misses you.
Gurum hits Aizul!!
Aizul hits Gurum but does no damage.
Your hellion misses Aizul.
You feel better.
Gurum hits Aizul but does no damage.
Aizul hits Gurum but does no damage.
The entropy weaver hits you!
* * * LOW HITPOINT WARNING * * *
The entropy weaver hits you.
You die...
Your body glows with a rainbow of weird colours and disappears.

.. .. #... .##.
#... . ...# #...
.# #... .#. ...
#. #...#..#..#
....#.#..#....#
..#.....#...#
#...###.a.#
#...D.<@.#.#
....^.#&##.....#
#.#...2S# ...#..
...#.#.. #..# ..
##.....#. .... #
...#. . .. .#.##
.. ...# .# ###
#. . ##


You could see Aizul, an entropy weaver, the friendly Gurum, a friendly shadow
dragon and a friendly hellion.

Vanquished Creatures
  An entropy weaver (Spider:1)
  Erolcha (D:11)
  Fannar (D:11)
  A minotaur (D:14)
  A yaktaur captain (D:13)
  2 hydras
  5 centaur warriors
  2 two-headed ogres
  2 death yaks (Lair:4)
  An orc high priest (Orc:2)
  A fire crab (Volcano)
  A glowing orange brain (D:15)
  2 unseen horrors
  A lindwurm (Volcano)
  7 orc knights (Orc:2)
  2 deep elf magi
  A wolf spider (Lair:6)
  4 harpies (D:14)
  22 ugly things
  2 orc sorcerers
  2 cyclopes
  A merfolk siren (Lair:2)
  12 elephants
  2 centaur zombies
  6 black mambas
  A gargoyle (D:14)
  11 spiny frogs
  A komodo dragon (Lair:3)
  2 yaktaurs (D:13)
  A komodo dragon (shapeshifter) (D:15)
  A rime drake (Lair:4)
  A demonic crawler (Spider:1)
  2 ice devils (Lair:4)
  11 polar bears
  7 trolls
  Grinder (D:5)
  A raiju (shapeshifter) (D:15)
  3 slime creatures (D:15)
  11 hippogriffs
  12 blink frogs
  A meliai zombie (D:9)
  14 redbacks
  A vampire (D:10)
  4 wyverns
  A yak (shapeshifter) (D:15)
  14 fire bats (Volcano)
  A wraith (D:11)
  A golden eye (shapeshifter) (D:15)
  A hungry ghost (D:9)
  2 basilisks (D:15)
  25 yaks
  A chaos spawn (D:11)
  A steam dragon (Volcano)
  3 vampire mosquitoes (D:14)
  10 wargs
  2 acid dragons (D:15)
  15 water moccasins
  20 hell hounds
  5 porcupines
  15 black bears
  An eye of draining (D:14)
  24 orc warriors
  An ice beast (D:15)
  4 sky beasts
  28 wolves
  13 ogres
  A phantom (D:5)
  8 centaurs
  12 crocodiles
  2 big kobolds
  19 bullfrogs
  2 scorpions
  8 killer bees
  2 howler monkeys
  10 wights
  An electric eel (D:12)
  2 crimson imps (D:15)
  2 bullfrog zombies
  5 hounds
  3 jellies
  3 centaur skeletons
  8 orc priests
  2 bullfrog skeletons
  2 iguanas
  18 orc wizards
  12 worker ants
  A killer bee zombie (D:5)
  2 hound skeletons
  Robin (D:2)
  A worker ant zombie (D:8)
  10 gnolls
  16 adders
  2 shadow imps
  An ooze (D:5)
  An adder skeleton (D:5)
  2 worms (D:2)
  2 dart slugs
  2 leopard geckos
  90 orcs
  5 bats
  2 bat zombies (D:4)
  4 giant cockroaches
  15 goblins
  11 hobgoblins
  8 jackals
  3 quokkas
  4 ball pythons
  4 frilled lizards
  A jackal skeleton (D:6)
  15 kobolds
  A leopard gecko skeleton (D:5)
  A quokka skeleton (D:6)
  A quokka zombie (D:8)
  5 rats
  3 rat zombies (D:4)
  A fungus (Lair:1)
  3 plants (Lair:6)
697 creatures vanquished.

Vanquished Creatures (collateral kills)
  4 hydras
  The ghost of eyesofgods1 the Severer, a novice MiFi of Qazlal (D:10)
  3 death yaks (Lair:4)
  2 two-headed ogres
  The ghost of Curus the Destroyer, a novice GrFE of Vehumet (D:8)
  An orc knight (Orc:2)
  2 ugly things (D:14)
  A redback (Spider:1)
  A tarantella (Spider:1)
  A yak (Lair:1)
  A wraith (D:10)
  2 chaos spawn (D:11)
  A water moccasin (Lair:6)
  3 orc warriors
  A sky beast (D:11)
  A centaur (D:8)
  A wyvern zombie (D:11)
  2 wights (D:15)
  A hound (D:12)
  4 orc priests
  A jelly (D:8)
  2 orc wizards
  2 iguanas
  2 worker ants
  2 gnolls (D:1)
  2 adders
  An ooze (D:5)
  An adder zombie (D:8)
  7 orcs
  3 jackals (D:5)
57 creatures vanquished.

Vanquished Creatures (others)
  A cyclops (D:9)
  2 wargs (Orc:2)
  An orc warrior (Orc:2)
  A human (D:5)
  A centaur (D:14)
  3 ball lightnings (Orc:2)
  5 orcs (Orc:2)
  A kobold (D:10)
  A rat (D:3)
  3 fungi
  12 plants
31 creatures vanquished.

Grand Total: 785 creatures vanquished

Notes
Turn   | Place    | Note
-------+----------+-------------------------------------------
     0 | D:1      | wilfster70 the Hill Orc Monk began the quest for the Orb.
     0 | D:1      | Reached XP level 1. HP: 19/19 MP: 1/1
   212 | D:1      | HP: 1/20 [hobgoblin/club (5)]
   375 | D:1      | Reached XP level 2. HP: 17/27 MP: 2/2
   806 | D:1      | Found a sparkling altar of Nemelex Xobeh.
  1232 | D:2      | Reached skill level 5 in Axes
  1232 | D:2      | Reached XP level 3. HP: 11/33 MP: 3/3
  1623 | D:2      | Noticed Robin
  1647 | D:2      | Killed Robin
  1647 | D:2      | Reached XP level 4. HP: 25/41 MP: 4/4
  2257 | D:2      | Reached skill level 6 in Axes
  2306 | D:2      | Found a glowing silver altar of Zin.
  2307 | D:2      | Found an opulent altar of Gozag.
  2349 | D:2      | Reached XP level 5. HP: 47/47 MP: 5/5
  2464 | D:1      | Became a worshipper of Nemelex Xobeh the Trickster
  2464 | D:1      | Received a gift from Nemelex Xobeh
  2464 | D:1      | Reached * piety under Nemelex Xobeh
  2464 | D:1      | Received a gift from Nemelex Xobeh
  2464 | D:1      | Received a gift from Nemelex Xobeh
  2464 | D:1      | Reached ** piety under Nemelex Xobeh
  2888 | D:1      | Noticed a chaos spawn
  2891 | D:1      | Reached skill level 5 in Fighting
  3480 | D:3      | Reached skill level 7 in Axes
  3657 | D:3      | Reached skill level 1 in Armour
  3891 | D:3      | Reached XP level 6. HP: 56/56 MP: 6/6
  4518 | D:4      | Received a gift from Nemelex Xobeh
  4582 | D:4      | Found a deep blue altar of Sif Muna.
  4582 | D:4      | Found a faded altar of an unknown god.
  4588 | D:4      | Found a shadowy altar of Dithmenos.
  4591 | D:4      | Found a blossoming altar of Fedhas.
  4592 | D:4      | Found a white marble altar of Elyvilon.
  4767 | D:4      | Reached skill level 8 in Axes
  4905 | D:4      | Reached skill level 1 in Invocations
  5133 | D:4      | Got a steaming quarterstaff
  5134 | D:4      | Identified the +2 quarterstaff of Kiacigaw {antimagic, +Inv rElec} (You found it on level 4 of the Dungeon)
  5222 | D:4      | Received a gift from Nemelex Xobeh
  5454 | D:4      | Found an ancient bone altar of Kikubaaqudgha.
  5480 | D:5      | Entered Level 5 of the Dungeon
  5480 | D:5      | Noticed Grinder
  5480 | D:5      | Noticed a sky beast
  5490 | D:5      | Paralysed by Grinder for 4 turns
  5498 | D:5      | Paralysed by Grinder for 5 turns
  5500 | D:5      | Killed a sky beast
  5500 | D:5      | Reached XP level 7. HP: 27/61 MP: 3/9
  5504 | D:5      | Killed Grinder
  5738 | D:5      | Reached skill level 5 in Invocations
  5738 | D:5      | Reached XP level 8. HP: 67/68 MP: 11/11
  5750 | D:5      | Reached skill level 5 in Armour
  5795 | D:5      | Reached *** piety under Nemelex Xobeh
  5995 | D:5      | Received a gift from Nemelex Xobeh
  6028 | D:5      | Found an ancient bone altar of Kikubaaqudgha.
  6540 | D:6      | Found a stormy altar of Qazlal.
  7112 | D:6      | Found a shattered altar of Ashenzari.
  7270 | D:7      | Reached XP level 9. HP: 74/74 MP: 13/15
  7281 | D:7      | Received a gift from Nemelex Xobeh
  7389 | D:7      | Reached skill level 1 in Shields
  7468 | D:7      | Reached **** piety under Nemelex Xobeh
  7553 | D:7      | Noticed a two-headed ogre
  7560 | D:7      | Killed a two-headed ogre
  7988 | D:7      | You fall through a shaft!
  7992 | D:8      | Noticed a two-headed ogre
  7992 | D:8      | Noticed Curus's ghost (novice GrFE)
  7996 | D:8      | Reached skill level 5 in Shields
  8000 | D:8      | Killed a two-headed ogre
  8003 | D:8      | Killed Curus's ghost
  8003 | D:8      | Reached XP level 10. HP: 26/81 MP: 16/16
  8162 | D:8      | Received a gift from Nemelex Xobeh
  8321 | D:7      | Reached skill level 10 in Armour
  8904 | D:8      | Reached skill level 9 in Axes
  9500 | D:9      | Received a gift from Nemelex Xobeh
  9522 | D:9      | Found a staircase to the Orcish Mines.
  9538 | Orc:1    | Entered Level 1 of the Orcish Mines
  9675 | D:9      | Reached skill level 10 in Axes
  9911 | D:9      | Noticed a cyclops
  9914 | D:9      | Killed a cyclops
 10024 | D:9      | Reached skill level 11 in Axes
 10024 | D:9      | Reached XP level 11. HP: 69/86 MP: 17/17
 10165 | D:9      | Found a bloodstained altar of Trog.
 10612 | D:10     | Entered Level 10 of the Dungeon
 10666 | D:10     | Received a gift from Nemelex Xobeh
 10879 | D:10     | Reached ***** piety under Nemelex Xobeh
 10960 | D:10     | Noticed eyesofgods1's ghost (novice MiFi)
 10971 | D:10     | Killed eyesofgods1's ghost
 10971 | D:10     | Reached skill level 10 in Shields
 11334 | D:11     | Found a portal to a secret trove of treasure.
 11370 | D:11     | Received a gift from Nemelex Xobeh
 11426 | D:11     | Found a shimmering altar of Xom.
 11443 | D:11     | Reached skill level 12 in Axes
 11468 | D:11     | Found the +11 mace of Variability {chaos}
 11722 | D:11     | Noticed Erolcha
 11733 | D:11     | Killed Erolcha
 11975 | D:11     | Found a staircase to the Lair.
 11975 | D:11     | Noticed Fannar
 12008 | D:11     | Killed Fannar
 12251 | Lair:1   | Entered Level 1 of the Lair of Beasts
 12801 | Lair:1   | Received a gift from Nemelex Xobeh
 12836 | Lair:1   | Noticed an eight-headed hydra
 12845 | Lair:1   | Killed an eight-headed hydra
 12845 | Lair:1   | Reached skill level 10 in Fighting
 12845 | Lair:1   | Reached XP level 12. HP: 100/106 MP: 18/18
 12944 | Lair:1   | Reached skill level 13 in Axes
 13390 | Lair:2   | Received a gift from Nemelex Xobeh
 13778 | Lair:2   | Found a hole to the Spider Nest.
 13981 | Lair:2   | Noticed a six-headed hydra
 13997 | Lair:2   | Killed a six-headed hydra
 13997 | Lair:2   | Reached skill level 14 in Axes
 14025 | Lair:2   | Received a gift from Nemelex Xobeh
 14032 | Lair:2   | Found a staircase to the Shoals.
 14590 | Lair:3   | Noticed an eight-headed hydra
 14600 | Lair:3   | Killed an eight-headed hydra
 14956 | Lair:3   | Reached skill level 15 in Axes
 15237 | Lair:3   | Noticed an eight-headed hydra
 15246 | Lair:3   | Killed an eight-headed hydra
 15982 | Lair:4   | Reached XP level 13. HP: 97/118 MP: 19/19
 16028 | Lair:4   | Reached skill level 16 in Axes
 16071 | Lair:4   | Found a frozen archway.
 16346 | IceCv    | Entered an ice cave
 16346 | IceCv    | Received a gift from Nemelex Xobeh
 16637 | Lair:4   | Reached ****** piety under Nemelex Xobeh
 17646 | Lair:5   | Received a gift from Nemelex Xobeh
 17823 | Lair:5   | Found a staircase to the Slime Pits.
 17924 | Lair:5   | Received a gift from Nemelex Xobeh
 18150 | Lair:6   | Entered Level 6 of the Lair of Beasts
 18205 | Lair:6   | Found a dark tunnel.
 18301 | Volcano  | Entered a volcano
 18323 | Volcano  | Reached skill level 15 in Fighting
 18343 | Volcano  | Reached skill level 10 in Invocations
 18704 | Lair:6   | Received a gift from Nemelex Xobeh
 18758 | Lair:6   | Reached XP level 14. HP: 117/135 MP: 20/22
 20107 | Lair:6   | Received a gift from Nemelex Xobeh
 20561 | Orc:1    | Found a roughly hewn altar of Beogh.
 20954 | Orc:2    | Entered Level 2 of the Orcish Mines
 21134 | Orc:2    | Received a gift from Nemelex Xobeh
 21320 | Orc:2    | Found Eneipibb's Food Emporium.
 21320 | Orc:2    | Found Jyet's Gadget Shop.
 21573 | Orc:2    | Found a roughly hewn altar of Beogh.
 21589 | Orc:2    | Found a staircase to the Elven Halls.
 21796 | Orc:2    | Found Zoqeumim's Antique Armour Emporium.
 21802 | Orc:2    | Found Godi's Book Shop.
 22182 | Orc:2    | Received a gift from Nemelex Xobeh
 22395 | Orc:2    | Bought a bloodstained ring mail for 261 gold pieces
 22395 | Orc:2    | Bought an ancient ring mail for 261 gold pieces
 22406 | Orc:2    | Identified the cursed +0 ring mail of Nucvi {rElec rPois rCorr Int-2} (You bought it in a shop on level 2 of the Orcish Mines)
 22418 | Orc:2    | Identified the cursed +0 ring mail "Jixon" {*Drain MP+9 Int+4 Dex-3} (You bought it in a shop on level 2 of the Orcish Mines)
 22700 | D:11     | Received a gift from Nemelex Xobeh
 23245 | D:12     | Got a jewelled battleaxe
 23251 | D:12     | Identified the +8 battleaxe of Oclatoix {chop, Int-2 Dex+6} (You found it on level 12 of the Dungeon)
 23435 | D:12     | Received a gift from Nemelex Xobeh
 23818 | D:13     | Received a gift from Nemelex Xobeh
 23975 | D:13     | Found a gate to the Vaults.
 23979 | D:13     | Reached XP level 15. HP: 121/147 MP: 24/24
 24433 | D:14     | Received a gift from Nemelex Xobeh
 24532 | D:14     | Reached skill level 17 in Axes
 25480 | D:14     | You fall through a shaft!
 25480 | D:15     | Entered Level 15 of the Dungeon
 25566 | D:15     | Received a gift from Nemelex Xobeh
 25663 | D:14     | Reached skill level 18 in Axes
 26540 | D:15     | Received a gift from Nemelex Xobeh
 27238 | D:15     | Found Vienteor's Antique Armour Shop.
 27244 | D:15     | Bought an ancient chain mail for 408 gold pieces
 27244 | D:15     | Identified the +1 chain mail of Diafam {rC+ SInv} (You bought it in a shop on level 15 of the Dungeon)
 27284 | D:15     | Reached skill level 19 in Axes
 27736 | D:15     | Received a gift from Nemelex Xobeh
 27886 | D:15     | Received a gift from Nemelex Xobeh
 28429 | D:15     | Found a staircase to the Depths.
 28652 | Spider:1 | Entered Level 1 of the Spider Nest
 29052 | Spider:1 | Noticed Aizul
 29055 | Spider:1 | Reached skill level 20 in Axes
 29072 | Spider:1 | HP: 4/147 [entropy weaver (9)]
 29073 | Spider:1 | Slain by an entropy weaver

Skill      XL: |  1  2  3  4  5  6  7  8  9 10 11 12 13 14 15 |
---------------+----------------------------------------------+-----
Fighting       | 4 5 10 12 15 17 | 17.0
Axes           | 5 6 7 8 11 12 15 16 20 | 20.0
Armour         | 1 3 4 7 9 10 | 10.0
Invocations    | 2 5 8 10 12 | 12.4
Shields        | 6 9 10 11 | 11.8
Dodging        | |  2.5
Stealth        | |  1.5

Action                   |  1- 3 |  4- 6 |  7- 9 | 10-12 | 13-15 || total
-------------------------+-------+-------+-------+-------+-------++-------
Melee: Hand axe          |   118 |   174 |       |       |       ||   292
       War axe           |       |    54 |   211 |   665 |   818 ||  1748
       Quarterstaff      |       |    18 |       |       |       ||    18
       Trident           |       |       |       |    13 |     2 ||    15
       Battleaxe         |       |       |       |       |   318 ||   318
Throw: Javelin           |       |     4 |     2 |       |       ||     6
Evoke: Deck              |       |     3 |     8 |    10 |    16 ||    37
       Wand              |       |       |       |     2 |     1 ||     3
  Use: Potion            |     1 |     2 |     1 |     1 |     8 ||    13
       Scroll            |       |       |     9 |    18 |    16 ||    43
 Stab: Distracted        |       |     1 |       |       |     3 ||     4
       Paralysed         |       |       |       |       |     3 ||     3
  Eat: Chunk             |     2 |     8 |     9 |    27 |    34 ||    80
       Ration            |       |     1 |       |       |     3 ||     4
Armor: Robe              |    13 |       |       |       |       ||    13
       Ring mail         |    14 |    20 |       |       |       ||    34
       Chain mail        |       |   112 |    97 |   268 |   480 ||   957
Dodge: Dodged            |    64 |   134 |    52 |   256 |   488 ||   994
Block: Shield            |       |       |    74 |   583 |   605 ||  1262
       Reflection        |       |       |     4 |    19 |    10 ||    33
       Other             |       |       |       |       |    36 ||    36
